 Dungeon Crawl Stone Soup version 0.21.1-1-g345015f (webtiles) character file.

265 JeffiDaFish the Magician (level 5, -2/28 HPs)
             Began as a Deep Elf Fire Elementalist on Feb 19, 2018.
             Slain by an orc warrior
             ... wielding a +0 trident
              (22 damage)
             ... on level 3 of the Dungeon.
             The game lasted 00:06:17 (2826 turns).

JeffiDaFish the Magician (DEFE)                     Turns: 2826, Time: 00:06:18

Health: -2/28      AC:  2    Str:  5      XL:     5   Next: 99%
Magic:  9/15       EV: 13    Int: 21      God:
Gold:   104        SH:  0    Dex: 14 (15) Spells: 14/15 levels left

rFire    . . .     SeeInvis .   e - +0 dagger
rCold    . . .     Gourm    +   (no shield)
rNeg     . . .     Faith    .   h - +0 robe {Archmagi}
rPois    .         Spirit   .   (no helmet)
rElec    .         Reflect  .   (no cloak)
rCorr    .         Harm     .   (no gloves)
MR       .....                  (no boots)
Stlth    ++........             g - amulet of the gourmand
HPRegen  0.09/turn              (no ring)
MPRegen  0.14/turn              (no ring)

@: no status effects
A: no striking features
a: no special abilities


You were on level 3 of the Dungeon.
You were completely stuffed.

You visited 1 branch of the dungeon, and saw 3 of its levels.

You collected 104 gold pieces.

Inventory:

Hand Weapons
 e - a +0 dagger (weapon)
Armour
 h - a +0 robe of the Archmagi (worn)
Jewellery
 g - an amulet of the gourmand (around neck)
Scrolls
 f - a scroll of remove curse
Books
 b - a book of Flames

   Spells                             Type                      Level
   a - Flame Tongue                   Conjuration/Fire             1
   b - Throw Flame                    Conjuration/Fire             2
   c - Conjure Flame                  Conjuration/Fire             3
   d - Inner Flame                    Hexes/Fire                   3
   e - Sticky Flame                   Conjuration/Fire             4
   f - Fireball                       Conjuration/Fire             5
Comestibles
 a - 2 chunks of flesh
 c - 4 rations


   Skills:
 - Level 2.4 Dodging
 - Level 2.4 Stealth
 * Level 5.7 Spellcasting
 + Level 2.8 Conjurations
 * Level 5.4 Fire Magic


You had 14 spell levels left.
You knew the following spells:

 Your Spells              Type           Power        Failure   Level  Hunger
a - Flame Tongue          Conj/Fire      #####        1%          1    None


Dungeon Overview and Level Annotations

Branches:
Dungeon (3/15)

Altars:


Message History

You feel a surge of power!
The flame tongue hits the orc warrior.
The orc warrior appears unharmed.
Casting: Flame Tongue
Confirm with . or Enter, or press ? or * to list all spells.
Aiming: Flame Tongue
Press: ? - help, Shift-Dir - straight line, f/p - orc warrior
Aim: an orc warrior, wielding a trident and wearing a plate armour You feel a surge of power!
The flame tongue hits the orc warrior.
The orc warrior appears unharmed.
The orc warrior hits you from afar with a trident!
Casting: Flame Tongue
Confirm with . or Enter, or press ? or * to list all spells.
Aiming: Flame Tongue
Press: ? - help, Shift-Dir - straight line, f/p - orc warrior
Aim: an orc warrior, wielding a trident and wearing a plate armour You feel a surge of power!
The flame tongue hits the orc warrior.
The orc warrior is lightly wounded.
The orc warrior hits you from afar with a trident!!
Ouch! That really hurt!
You die...

#.#.....# #. #.#.
#..# #. #
#.#.###.### #<
#.#####.#..#..).###.
#.#.....##)......##.
#...........#.......
###.#######......###
#.# ##.##.## #@#
#)##.# #.# #.##.#
#o# #.##.# #o# .##.#
#.# #.# #.# #. #.#
#.#


You could see an orc warrior and an orc wizard.

Vanquished Creatures
  Sigmund (D:2)
  3 adders (D:2)
  A worm (D:2)
  5 dart slugs
  4 leopard geckos
  An orc (D:3)
  A ball python (D:2)
  2 giant cockroaches
  7 goblins
  7 hobgoblins
  2 jackals (D:2)
  7 kobolds
  3 bats
  4 frilled lizards
  5 rats
53 creatures vanquished.

Notes
Turn   | Place    | Note
-------+----------+-------------------------------------------
     0 | D:1      | JeffiDaFish the Deep Elf Fire Elementalist began the quest for the Orb.
     0 | D:1      | Reached XP level 1. HP: 10/10 MP: 6/6
   211 | D:1      | Reached XP level 2. HP: 15/15 MP: 6/8
  1300 | D:1      | Reached XP level 3. HP: 11/19 MP: 6/10
  1953 | D:2      | Reached XP level 4. HP: 24/24 MP: 10/12
  2337 | D:2      | Noticed Sigmund
  2347 | D:2      | Killed Sigmund
  2347 | D:2      | Reached skill level 5 in Spellcasting
  2347 | D:2      | Reached skill level 5 in Fire Magic
  2347 | D:2      | Reached XP level 5. HP: 5/28 MP: 6/15
  2820 | D:3      | Noticed an orc warrior
  2826 | D:3      | Slain by an orc warrior

Skill      XL: |  1  2  3  4 |
---------------+-------------+-----
Fire Magic     | 4 5 |  5.4
Spellcasting   | 4 5 |  5.7
Conjurations   | 2 |  2.8
Dodging        | |  2.4
Stealth        | |  2.4

Action                   |  1- 3 |  4- 6 || total
-------------------------+-------+-------++-------
Melee: Dagger            |    29 |    23 ||    52
 Cast: Flame Tongue      |    50 |    34 ||    84
  Use: Scroll            |     6 |       ||     6
       Potion            |     3 |     1 ||     4
 Stab: Sleeping          |     5 |     1 ||     6
  Eat: Chunk             |    12 |     4 ||    16
Armor: Robe              |     2 |     4 ||     6
Dodge: Dodged            |    29 |    17 ||    46
